Map: Ulrena

Players

ILLBdA

  • Race: Protoss Protoss
  • League: Diamond

Jun - Winner!

  • Race: Zerg Zerg
  • League: Diamond

VOD

Have the link to the VOD?

Description

Time

  • Played on: Dec. 15, 2015, 10:39 p.m.
  • Length: 5:03
Show
View Real Time Build Order
Export as new Build Order

ILLBdA Protoss 

Build Orders:  

Get SALT Encoding   

  12  0:01  Probe (Chrono Boost)  
  13  0:11  Probe (Chrono Boost)  
  14  0:22  Probe (Chrono Boost)  
  15  0:35  Pylon  
  15  0:53  Gateway  
  15  0:54  Gateway  
  15  0:57  Gateway  
  15  1:01  Probe (Chrono Boost)  
  16  1:12  Probe (Chrono Boost)  
  16  1:14  Pylon  
  17  1:22  Probe (Chrono Boost)  
  17  1:23  Assimilator  
  18  1:44  Zealot x2 (Chrono Boost)  
  24  1:48  Zealot (Chrono Boost)  
  24  1:53  Cybernetics Core  
  26  2:10  Zealot (Chrono Boost)  
  26  2:12  Zealot (Chrono Boost)  
  26  2:15  Pylon  
  28  2:35  Mothership Core  
  28  2:36  Zealot (Chrono Boost)  
  34  2:41  Pylon  
  32  2:45  Pylon  
  34  2:54  Adept (Chrono Boost)  
  34  3:06  Pylon  
  34  3:11  Adept (Chrono Boost)  
  36  3:19  Pylon  
  38  3:20  Adept (Chrono Boost)  
  34  3:28  Pylon  
  34  3:36  Adept (Chrono Boost)  
  30  3:41  Adept (Chrono Boost)  
  30  4:02  Adept (Chrono Boost)  
  33  4:05  Adept (Chrono Boost)  
  33  4:18  Adept (Chrono Boost)  
  31  4:34  Adept (Chrono Boost)  
  31  5:02  Nexus  
Show
View Real Time Build Order
Export as new Build Order

Jun Zerg - Winner!

Build Orders: Hatch First 

Get SALT Encoding   

  12  0:01  Drone  
  13  0:08  Drone  
  14  0:17  Drone, Extractor  
  15  0:24  Overlord  
  15  0:43  Drone x2  
  17  0:55  Drone  
  18  1:00  Drone  
  18  1:03  Hatchery  
  18  1:07  Drone  
  19  1:19  Extractor  
  19  1:24  Spawning Pool  
  19  1:25  Drone  
  18  1:27  Drone  
  19  1:46  Drone  
  20  1:51  Drone  
  21  2:02  Overlord  
  21  2:14  Queen  
  25  2:22  Spine Crawler  
  24  2:24  Zergling x6  
  24  2:27  Spine Crawler  
  24  2:28  Metabolic Boost  
  26  2:34  Zergling x4  
  26  2:40  Zergling x2  
  27  2:49  Queen, Zergling x4  
  28  3:22  Zergling x6  
  29  3:35  Spine Crawler, Queen  
  28  3:49  Spine Crawler, Zergling x4  
  30  3:56  Spine Crawler  
  28  4:15  Zergling x4  
  27  4:20  Zergling x2  
  27  4:28  Spine Crawler  
  25  4:35  Zergling x8  
Tags
 
Matchup
PvZ
Replay Pack
me
Add a new tag
Caveats
  • Supply blocks, unpowered buildings, or Contaminate may cause inaccurate times.
  • Supply counts are checked every 10 seconds.